 Dungeon Crawl Stone Soup version 0.30.0-29-ga12c61a403 (webtiles) character file.

Game seed: 12727870341503649728

195 LustLizard the Ruffian (level 5, -3/37 HPs)
             Began as an Octopode Berserker on June 14, 2023.
             Was a Believer of Trog.
             Slain by a black bear (5 damage)
             ... on level 4 of the Dungeon.
             The game lasted 00:02:54 (2394 turns).

LustLizard the Ruffian (Octopode Berserker)         Turns: 2394, Time: 00:02:55

Health: -3/37      AC:  1    Str: 19    XL:     5   Next: 74%
Magic:  5/5        EV: 13    Int:  9    God:    Trog [**....]
Gold:   218        SH:  0    Dex: 11    Spells: 4/4 levels left

rFire   . .          .
                       - Unarmed
rCold   . . .        (no shield)
rNeg    . . .        (helmet restricted)
rPois   .            (no amulet)
rElec   .            (no ring)
rCorr   .            (no ring)
SInv    .            (no ring)
Will    .....        (no ring)
Stlth   +++          (no ring)
HPRegen 0.26/turn    (no ring)
MPRegen 0.09/turn    (no ring)
                     (no ring)

%: no passive effects
@: no status effects
A: almost no armour, amphibious, 8 rings, camouflage 1, gelatinous body 1,
(nimble swimmer 1), tentacles
a: Renounce Religion, Berserk, Trog's Hand


You were on level 4 of the Dungeon.
You worshipped Trog.
Trog was pleased with you.
You visited 1 branch of the dungeon, and saw 4 of its levels.

You collected 218 gold pieces.

Inventory:

Scrolls
 a - 2 scrolls of teleportation {unknown}
 g - a scroll of poison {unknown}
 h - a scroll of enchant weapon {unknown}
 i - 2 scrolls of torment {unknown}
 j - a scroll of amnesia {unknown}
Potions
 b - a potion of berserk rage {unknown}
 c - a potion of haste
 d - 2 potions of invisibility
 e - 2 potions of curing
 f - 2 potions of heal wounds
 k - 2 potions of flight {unknown}
 l - a potion of ambrosia {unknown}


   Skills:
 + Level 4.0 Fighting
 - Level 3.0 Dodging
 + Level 3.5 Stealth
 * Level 4.9 Unarmed Combat


You had 4 spell levels left.
You didn't know any spells.
Your spell library was empty.

Dungeon Overview and Level Annotations

Branches:
Dungeon (4/15)
 Temple: D:4-7

Altars:
Cheibriados
Xom

Shops:
D:1 :   D:2 [


Innate Abilities, Weirdness & Mutations

You cannot wear most types of armour.
You are amphibious.
You can wear up to eight rings at the same time.
Your skin changes colour to match your surroundings (Stealth+).
Your rubbery body absorbs attacks. (AC +1, EV +1)
((You are camouflaged when in or above water. (Stealth+)))
You have tentacles for arms and can constrict up to eight enemies at once.


Message History

Things that are here:
a +0 dagger; an iguana corpse You tentacle-slap the ball python.
You kill the ball python!
Trog accepts your kill.
No target in view!
No target in view!
You see here a ball python corpse.
Found an escape hatch in the ceiling.
Found an ancient scale mail.
You see here the +1 scale mail of Distant Shores {Int+3}.
l - a lumpy ruby potion A black bear comes into view.
Found a scroll of identify.
A black bear is nearby!
Found 2 silvery potions and a ruby potion.
The helpless black bear fails to defend itself.
You tentacle-slap the black bear. Your grab misses the black bear.
You tentacle-slap the black bear.
The black bear is moderately wounded.
The black bear bites you. The black bear claws you.
The black bear claws you but does no damage.
You closely miss the black bear. You grab the black bear.
You squeeze the black bear, but do no damage.
The black bear is moderately wounded.
You constrict the black bear. The black bear bites you.
The black bear claws you. The black bear misses you.
You tentacle-slap the black bear. You squeeze the black bear.
The black bear is severely wounded.
You constrict the black bear.
The black bear goes berserk!
You tentacle-slap the black bear.
The black bear is almost dead.
You constrict the black bear. The black bear bites you.
The black bear barely misses you. The black bear claws you.
* * * LOW HITPOINT WARNING * * *
The black bear bites you!
* * * LOW HITPOINT WARNING * * *
The black bear claws you but does no damage.
The black bear claws you.
You die...

..#############
.....!h........
#!@########
##.........
######.###....
#...##..##....
#####.#.##........
...........#......
#####...#......###
##..#....<..# ####
#....###.#.####..


You could see a black bear (berserk).

Vanquished Creatures
  A hound (D:3)
  Jessica (D:3)
  An iguana (D:4)
  Robin (D:3)
  2 adders
  An ufetubus (D:4)
  2 worms
  A dart slug (D:3)
  An orc (D:3)
  5 ball pythons
  4 bats (D:3)
  5 endoplasms
  3 giant cockroaches (D:1)
  8 goblins
  9 hobgoblins
  2 jackals (D:2)
  4 frilled lizards
  11 kobolds
  6 rats
68 creatures vanquished.

Notes
Turn   | Place    | Note
-------+----------+-------------------------------------------
     0 | D:1      | LustLizard the Octopode Berserker began the quest for the
                  | Orb.
     0 | D:1      | Reached XP level 1. HP: 16/16 MP: 1/1
   171 | D:1      | Found Fayvitug's Vocational Training.
   220 | D:1      | You fall into a shaft and drop 1 floor!
   235 | D:1      | Reached XP level 2. HP: 20/21 MP: 2/2
   240 | D:1      | Reached skill level 1 in Stealth
   518 | D:2      | Found Kyqirean's Antique Armour Shoppe.
   722 | D:2      | Found a shimmering altar of Xom.
   778 | D:2      | Reached ** piety under Trog
   779 | D:2      | Reached XP level 3. HP: 26/26 MP: 3/3
  1326 | D:3      | Found a snail-covered altar of Cheibriados.
  1333 | D:3      | Reached XP level 4. HP: 21/31 MP: 4/4
  1567 | D:3      | Noticed Robin
  1569 | D:3      | Noticed Jessica
  1582 | D:3      | Killed Jessica
  1584 | D:3      | Killed Robin
  1778 | D:3      | Reached XP level 5. HP: 36/37 MP: 5/5
  2368 | D:4      | Identified the +1 scale mail of Distant Shores {Int+3}
  2386 | D:4      | Noticed a black bear
  2394 | D:4      | Slain by a black bear

Illustrated notes

Levels and vault maps discovered:
D:1:      dpeg_arrival_pits, layout_rooms, nicolae_shop_vocational
D:2:      layout_basic, basic_altar, serial_shops, nicolae_shop_waterfront
D:3:      minmay_skewed_foursquare, layout_basic, kennysheep_slug_shrine,
          uniq_robin, uniq_jessica
D:4:      minmay_angry_zag, layout_basic, ebering_ghost_rock_garden

Skill      XL: |  1  2  3  4  5 |
---------------+----------------+-----
Stealth        | 1 2 3 |  3.5
Unarmed Combat | 4 |  4.9
Fighting       | 4 |  4.0
Dodging        | |  3.0

Action                     |  1- 3 |  4- 6 || total
---------------------------+-------+-------++-------
  Melee: Unarmed           |    58 |    59 ||   117
         Constrict         |    17 |    12 ||    29
         Tentacles         |    16 |    16 ||    32
         Punch             |     1 |     3 ||     4
 Invoke: Berserk           |       |     1 ||     1
    Use: Scroll            |       |     3 ||     3
   Stab: Sleeping          |     6 |    11 ||    17
 Armour: Skin              |     6 |     6 ||    12
  Dodge: Dodged            |    26 |    34 ||    60
